 Dungeon Crawl Stone Soup version 0.24.0-37-gcf1ca852f1 (webtiles) character file.

Game seed: 1149793073924999419, levelgen mode: deterministic

42 Peloso the Covered (level 3, 0/33 HPs)
             Began as a Minotaur Fighter on Nov 22, 2019.
             Succumbed to an adder's poison
             ... on level 2 of the Dungeon.
             The game lasted 00:02:32 (735 turns).

Peloso the Covered (Minotaur Fighter)                Turns: 735, Time: 00:02:33

Health: 0/33       AC:  7    Str: 17 (18) XL:     3   Next: 35%
Magic:  2/2        EV:  7    Int:  2 (5)  God:
Gold:   68         SH:  9    Dex:  9 (10) Spells: 2/2 levels left

rFire    + . .     SeeInvis .   a - +0 long sword
rCold    . . .     Gourm    .   c - +0 shield
rNeg     . . .     Faith    .   b - +0 scale mail
rPois    .         Spirit   .   (helmet restricted)
rElec    .         Reflect  .   (no cloak)
rCorr    .         Harm     .   (no gloves)
MR       .....                  (no boots)
Stlth    ..........             (no amulet)
HPRegen  0.11/turn              o - ring of fire
MPRegen  0.08/turn              (no ring)

@: lethally poisoned (0 -> -4)
A: retaliatory headbutt, horns 2, cold resistance 1, weak 1
a: no special abilities


You were on level 2 of the Dungeon.
You were not hungry.

You visited 1 branch of the dungeon, and saw 2 of its levels.

You collected 68 gold pieces.

Inventory:

Hand Weapons
 a - a +0 long sword (weapon)
Armour
 b - a +0 scale mail (worn)
 c - a +0 shield (worn)
Jewellery
 o - a ring of fire (left hand)
Scrolls
 g - 4 scrolls of identify {unknown}
 h - 2 scrolls of magic mapping {unknown}
 i - a scroll of amnesia {unknown}
 j - 3 scrolls of enchant armour {unknown}
 k - a scroll of immolation {unknown}
 l - a scroll of fear {unknown}
 m - a scroll of teleportation {unknown}
 n - 2 scrolls of remove curse {unknown}
Potions
 d - a potion of might
 e - a potion of degeneration
Comestibles
 f - 5 rations


   Skills:
 + Level 3.9 Fighting
 + Level 3.1 Long Blades
 + Level 4.2 Armour
 + Level 0.3 Dodging
 + Level 0.2 Stealth
 + Level 4.1 Shields


You had 2 spell levels left.
You didn't know any spells.
Your spell library was empty.

Dungeon Overview and Level Annotations

Branches:
Dungeon (2/15)

Altars:
Fedhas
Sif Muna


Innate Abilities, Weirdness & Mutations

You reflexively headbutt those who attack you in melee.
You have a pair of horns on your head.
Your flesh is cold resistant. (rC+)
You are weak. (Str -2)


Message History

* * * LOW HITPOINT WARNING * * *
You are lethally poisoned!
The adder poisons you!
* * * LOW HITPOINT WARNING * * *
You feel sick. The adder barely misses you.
The adder bites you but does no damage.
* * * LOW HITPOINT WARNING * * *
You feel sick. The adder bites you but does no damage.
You block the adder's attack.
* * * LOW HITPOINT WARNING * * *
You feel sick. The adder barely misses you. You furiously retaliate!
You headbutt the adder!
You kill the adder!
* * * LOW HITPOINT WARNING * * *
You feel sick.
* * * LOW HITPOINT WARNING * * *
You feel sick.
* * * LOW HITPOINT WARNING * * *
You feel sick.
You die...

.†........#
..........#.......#
.##########.......#
.##########.......#
..........#.......#
..........#.......#
..........#.......#
..........#.......#
..........#.....@.##
..........#........#
..........######.#.###.
........................
..........######.#..##..
########### ........
#.##..#.. #.# #.# . ..#
...


There were no monsters in sight!

Vanquished Creatures
  2 adders (D:2)
  A worm (D:2)
  A leopard gecko (D:1)
  A giant cockroach (D:1)
  5 goblins
  3 kobolds (D:1)
  A quokka (D:2)
  A ball python (D:1)
  4 bats (D:1)
  3 rats (D:1)
22 creatures vanquished.

Notes
Turn   | Place    | Note
-------+----------+-------------------------------------------
     0 | D:1      | Peloso the Minotaur Fighter began the quest for the Orb.
     0 | D:1      | Reached XP level 1. HP: 19/19 MP: 0/0
   145 | D:1      | Reached XP level 2. HP: 26/27 MP: 1/1
   452 | D:2      | Found a blossoming altar of Fedhas.
   597 | D:2      | Found a shimmering blue altar of Sif Muna.
   626 | D:2      | Reached XP level 3. HP: 30/33 MP: 2/2
   629 | D:2      | Gained mutation: You are weak. (Str -2) [potion of
                  | mutation]
   629 | D:2      | Gained mutation: Your flesh is cold resistant. (rC+)
                  | [potion of mutation]
   733 | D:2      | HP: 1/33 [poisoned by an adder]
   735 | D:2      | Succumbed to an adder's poison

Levels and vault maps discovered:
D:1:      minmay_arrival_four_houses, layout_rooms
D:2:      layout_basic, lemuel_coloured_pillars_altar,
          nicolae_overflow_hidden_temple, fedhas_altar_1

Skill      XL: |  1  2 |
---------------+-------+-----
Armour         | 4 |  4.2
Shields        | 4 |  4.1
Long Blades    | 3 |  3.1
Fighting       | |  3.9
Dodging        | |  0.3
Stealth        | |  0.2

Action                   || total
-------------------------++-------
Melee: Long sword        ||    54
       Headbutt          ||     5
  Use: Potion            ||     5
Armor: Scale mail        ||    46
Dodge: Dodged            ||    30
Block: Shield            ||    49
       Rpst.: Long sword ||    11
